 Dungeon Crawl Stone Soup version 0.18.1-8-gdd0e5ea (webtiles) character file.

96 Azru the Skirmisher (level 4, 0/73 HPs)
             Began as an Ogre Abyssal Knight on May 25, 2016.
             Was a Believer of Lugonu.
             Slain by Grinder (3 damage)
             ... on level 3 of the Dungeon on May 26, 2016.
             The game lasted 00:05:57 (2175 turns).

Azru the Skirmisher (Ogre Abyssal Knight)           Turns: 2175, Time: 00:05:58

Health: 0/73       AC:  3    Str: 19 (22) XL:     4   Next: 67%
Magic:  6/6        EV: 10    Int: 10 (12) God:    Lugonu [**....]
Gold:   112        SH:  4    Dex:  8 (9)  Spells: 0 memorised, 3 levels left

rFire  . . .     SeeInvis .     a - +1 mace
rCold  . . .     Gourm    .     b - +0 robe
rNeg   . . .     Faith    .     (no shield)
rPois  +         Spirit   .     (helmet restricted)
rElec  .         Dismiss  .     (no cloak)
rCorr  .         Reflect  +     (gloves unavailable)
SustAt .         Harm     .     (boots unavailable)
MR     .....                    f - +4 amulet of reflection
Stlth  ..........               (no ring)
                                q - ring of poison resistance

@: berserking, very quick, not resistant to hostile enchantments, extremely
unstealthy
A: unfitting armour, tough skin 1
a: Depart the Abyss, Bend Space, Renounce Religion


You were on level 3 of the Dungeon.
You worshipped Lugonu.
Lugonu was pleased with you.
You were not hungry.

You visited 1 branch of the dungeon, and saw 3 of its levels.
You visited the Abyss 1 time.

You collected 112 gold pieces.

Inventory:

Hand Weapons
 a - a +1 mace (weapon)
Armour
 b - a +0 robe (worn)
Jewellery
 f - a +4 amulet of reflection (around neck)
 q - a ring of poison resistance (left hand)
Scrolls
 e - 4 scrolls of identify {unknown}
 g - a scroll of recharging {unknown}
 h - a scroll of magic mapping {unknown}
 k - a scroll of amnesia {unknown}
 p - a scroll of fog {unknown}
Potions
 l - a potion of might {unknown}
 m - 2 potions of degeneration
 n - a potion of curing {unknown}
 r - a potion of cancellation {unknown}
Comestibles
 c - 3 bread rations
 d - 3 meat rations
 j - a slice of pizza
 o - 3 chunks of flesh


   Skills:
 + Level 4.7 Fighting
 * Level 4.0 Maces & Flails
 - Level 3.0 Dodging
 + Level 2.8 Invocations


You had 3 spell levels left.
You didn't know any spells.

Dungeon Overview and Level Annotations

Branches:
Dungeon (3/15)

Altars:

Annotations:
D:3 Grinder


Innate Abilities, Weirdness & Mutations

You are too large for most types of armour.
You have tough skin (AC +1).


Message History

You writhe in agony.
* * * LOW HITPOINT WARNING * * *
The rat bites you but does no damage. Grinder gestures at you.
You shrug off the repeated paralysis!
You can move again.
Drink which item? (? for menu, Esc to quit)
It was a potion of degeneration.
There was something very wrong with that liquid.
You feel weakened.
You feel dopey.
You feel clumsy. The rat barely misses you. Grinder hits you.
* * * LOW HITPOINT WARNING * * *
Drink which item? (? for menu, Esc to quit)
It was a potion of berserk rage.
A red film seems to cover your vision as you go berserk!
You feel yourself moving faster!
You feel mighty! You block the rat's attack. Grinder hits you!
* * * LOW HITPOINT WARNING * * *
You writhe in agony.
You die...

##########
#........##
#.........#
#...8%..#.###
#..8.8......
#.8._r85#.#
#..8.8@...####
#...8.........
#.......#.....
##......#.###.
#>............
#.#.#.....###.#.#
##
#..................
#.#....###....#.#.#
#.####.# ....#.#.#


You could see Grinder and a rat.

Vanquished Creatures
  5 adders
  4 worms (D:2)
  A giant cockroach (D:3)
  4 goblins
  8 hobgoblins
  3 kobolds
  5 bats
  4 giant newts
  6 rats
40 creatures vanquished.

Notes
Turn   | Place    | Note
--------------------------------------------------------------
     0 | Abyss:1  | Azru the Ogre Abyssal Knight began the quest for the Orb.
     0 | Abyss:1  | Reached XP level 1. HP: 24/24 MP: 2/2
    45 | Abyss:1  | Noticed a sun demon
    45 | Abyss:1  | Noticed a sun demon
    45 | Abyss:1  | Noticed a red devil
    46 | D:1      | Escaped the Abyss
    85 | D:1      | Reached * piety under Lugonu
   228 | D:1      | Reached XP level 2. HP: 32/32 MP: 3/3
   900 | D:2      | Reached XP level 3. HP: 37/40 MP: 4/4
  1758 | D:2      | Reached XP level 4. HP: 49/49 MP: 5/5
  2126 | D:3      | Reached ** piety under Lugonu
  2159 | D:3      | Found a faded altar to an unknown god.
  2164 | D:3      | Noticed Grinder
  2169 | D:3      | Paralysed by Grinder for 5 turns
  2175 | D:3      | HP: 3/73 [Grinder (7)]
  2175 | D:3      | Slain by Grinder

Skill      XL: |  1  2  3  4 |
---------------+-------------+-----
Maces & Flails | 3 4 |  4.0
Dodging        | 3 |  3.0
Fighting       | |  4.7
Invocations    | |  2.8

Action                   |  1- 3 |  4- 6 || total
-------------------------+-------+-------++-------
Melee: Mace              |    95 |    28 ||   123
Invok: Depart the Abyss  |     1 |       ||     1
  Use: Potion            |       |     2 ||     2
  Eat: Chunk             |     3 |     1 ||     4
Armor: Robe              |    36 |     5 ||    41
Dodge: Dodged            |    48 |    15 ||    63
Block: Other             |    17 |     2 ||    19
       Reflection        |     1 |       ||     1
